 Dungeon Crawl Stone Soup version 0.28.0-53-g5a82cb258f (webtiles) character file.

Game seed: 9490984308000759335

80 Peloso the Covered (level 4, -4/41 HPs)
             Began as a Minotaur Fighter on May 21, 2022.
             Slain by a gnoll
             ... wielding a +0 halberd
              (7 damage)
             ... on level 3 of the Dungeon.
             The game lasted 00:04:34 (2318 turns).

Peloso the Covered (Minotaur Fighter)               Turns: 2318, Time: 00:04:34

Health: -4/41      AC: 15    Str: 25    XL:     4   Next: 18%
Magic:  3/3        EV:  8    Int:  5    God:
Gold:   108        SH:  5    Dex: 11    Spells: 3/3 levels left

rFire   . . .      SeeInvis .   a - +0 long sword
rCold   . . .      Faith    .   c - +1 buckler
rNeg    . . .      Spirit   .   g - +6 chain mail "Paugag" {Str+4}
rPois   .          Reflect  .   (helmet restricted)
rElec   .          Harm     .   (no cloak)
rCorr   .          Rampage  .   (no gloves)
Will    .....                   (no boots)
Stlth   ..........              (no amulet)
HPRegen 0.13/turn               (no ring)
MPRegen 0.08/turn               (no ring)

@: no status effects
A: horns 2, retaliatory headbutt
a: no special abilities


You were on level 3 of the Dungeon.
You visited 1 branch of the dungeon, and saw 3 of its levels.

You collected 108 gold pieces.

Inventory:

Hand Weapons
 a - a +0 long sword (weapon)
 b - a +0 hand axe of flaming
Armour
 c - a +1 buckler (worn)
 g - the +6 chain mail "Paugag" (worn) {Str+4}
   (You found it on level 2 of the Dungeon)

   Str:       It affects your strength (+4).
Potions
 d - a potion of might
 j - a potion of mutation {unknown}
 l - a potion of flight {unknown}


   Skills:
 + Level 4.4 Fighting
 + Level 3.0 Long Blades
 + Level 4.4 Armour
 + Level 0.7 Dodging
 + Level 4.3 Shields


You had 3 spell levels left.
You didn't know any spells.
Your spell library contained the following spells:

 Spells                   Type           Power      Damage    Failure   Level
 Tukima's Dance           Hex            0%         N/A       100%        3
 Passage of Golubria      Tloc           0%         N/A       100%        4
 Yara's Violent Unravell  Hex/Tmut       0%         3d3       100%        5


Dungeon Overview and Level Annotations

Branches:
Dungeon (3/15)

Altars:

Shops:
D:2 :


Innate Abilities, Weirdness & Mutations

You have a pair of horns on your head.
You reflexively headbutt those who attack you in melee.


Message History

The gnoll is heavily wounded.
The gnoll hits you but does no damage.
You hit the gnoll. You headbutt the gnoll.
You kill the gnoll!
The gnoll hits you but does no damage.
You have reached level 4!
You feel stronger.
You barely miss the gnoll. You headbutt the gnoll!
The gnoll is heavily wounded.
The gnoll closely misses you. The gnoll hits you with a +0 whip.
You slash the gnoll!
You kill the gnoll!
You block the gnoll's attack.
The gnoll hits you from afar with a +0 halberd!
You block the gnoll's attack.
Items here: )) ††.
You hit the gnoll but do no damage. You block the gnoll's attack.
You hit the gnoll.
The gnoll is moderately wounded.
The gnoll hits you but does no damage.
You barely miss the gnoll. Your headbutt misses the gnoll.
The gnoll is moderately wounded.
The gnoll hits you with a +0 halberd!
* * * LOW HITPOINT WARNING * * *
You closely miss the gnoll.
The gnoll is moderately wounded.
The gnoll closely misses you. You furiously retaliate!
You headbutt the gnoll, but do no damage.
The gnoll hits you with a +0 halberd.
* * * LOW HITPOINT WARNING * * *
You closely miss the gnoll. Your headbutt misses the gnoll.
The gnoll is moderately wounded.
The gnoll closely misses you. You furiously retaliate!
You headbutt the gnoll. You hit the gnoll.
The gnoll is almost dead.
The gnoll hits you but does no damage.
You completely miss the gnoll.
The gnoll is almost dead.
The gnoll hits you with a +0 halberd!
You die...

#############
#...g.g.#...
#.#####.#.# #
#.##......# .# ##
#g##.##...###.###.
#@## ##.......##..
#†##.....##.###...
#........##....gg.
####.#.#.########.
#.....# #. ###.###
#g #.# ##g #.#
##.. #.## ##...


You could see a gnoll.

Vanquished Creatures
  2 gnolls (D:3)
  2 worms (D:2)
  3 dart slugs
  3 endoplasms
  3 giant cockroaches
  6 goblins
  2 hobgoblins
  4 kobolds
  2 quokkas
  6 ball pythons
  6 bats
  2 frilled lizards
  9 rats
50 creatures vanquished.

Vanquished Creatures (others)
  A frilled lizard (D:1)
1 creature vanquished.

Grand Total: 51 creatures vanquished

Notes
Turn   | Place    | Note
-------+----------+-------------------------------------------
     0 | D:1      | Peloso the Minotaur Fighter began the quest for the Orb.
     0 | D:1      | Reached XP level 1. HP: 19/19 MP: 0/0
   152 | D:1      | Reached XP level 2. HP: 27/27 MP: 1/1
   757 | D:1      | Found a faded altar of an unknown god.
  1113 | D:2      | Reached XP level 3. HP: 33/33 MP: 2/2
  1605 | D:2      | Found Dulor's Book Shoppe.
  2016 | D:2      | Identified the +6 chain mail "Paugag" {Str+4}
  2309 | D:3      | Reached XP level 4. HP: 22/41 MP: 3/3
  2315 | D:3      | HP: 2/41 [gnoll/+0 halberd (4)]
  2318 | D:3      | Slain by a gnoll

Illustrated notes

Levels and vault maps discovered:
D:1:      roderic_dead_forest, layout_loops_ring, basic_ecumenical_altar,
          columned_hall_lemuel, lemuel_flame_loot_1
D:2:      layout_loops_corners, serial_shops, shop_fountains,
          minmay_diced_spiral
D:3:      lemuel_castle_with_subvaults [lemuel_castle_interior_carwin_1],
          layout_loops_corners, cheibrodos_sewer_entry_bend

Skill      XL: |  1  2  3 |
---------------+----------+-----
Armour         | 4 |  4.4
Fighting       | 4 |  4.4
Shields        | 4 |  4.3
Long Blades    | 3 |  3.0
Dodging        | |  0.7

Action                   |  1- 3 |  4- 6 || total
-------------------------+-------+-------++-------
Melee: Long sword        |   100 |     9 ||   109
       Headbutt          |    21 |     1 ||    22
  Use: Scroll            |     4 |       ||     4
Armor: Scale mail        |    52 |       ||    52
       Chain mail        |    16 |     2 ||    18
Dodge: Dodged            |    48 |     3 ||    51
Block: Buckler           |    41 |     3 ||    44
